 Dungeon Crawl Stone Soup version 0.30.0-12-gd5a94ecb5d (webtiles) character file.

Game seed: 8919360560543907156

1 CaptainMV the Twirler (level 1, -1/13 HPs)
             Began as a Demonspawn Wanderer on May 17, 2023.
             Slain by a hobgoblin (3 damage)
             ... on level 1 of the Dungeon.
             The game lasted 00:00:39 (32 turns).

CaptainMV the Twirler (Demonspawn Wanderer)           Turns: 32, Time: 00:00:39

Health: -1/13      AC:  2    Str: 11    XL:     1   Next: 16%
Magic:  1/1        EV: 11    Int: 11    God:
Gold:   0          SH:  0    Dex: 15    Spells: 0/0 levels left

rFire   . . .        a - +2 quarterstaff
rCold   . . .        (shield currently unavailable)
rNeg    . . .        e - +0 robe
rPois   .            (no helmet)
rElec   .            (no cloak)
rCorr   .            (no gloves)
SInv    .            (no boots)
Will    .....        (no amulet)
Stlth   ++           (no ring)
HPRegen 0.22/turn    (no ring)
MPRegen 0.07/turn

%: no passive effects
@: no status effects
A: no striking features
a: no special abilities


You were on level 1 of the Dungeon.
You visited 1 branch of the dungeon, and saw 1 of its levels.

Inventory:

Hand Weapons
 a - a +2 quarterstaff (weapon)
Armour
 e - a +0 robe (worn)
Scrolls
 b - a scroll of teleportation
 f - a scroll of enchant weapon {unknown}
Potions
 d - a potion of curing
Miscellaneous
 c - a piece from Xom's chessboard (15/15) (quivered)


   Skills:
 + Level 2.8 Staves
 + Level 1.0 Throwing
 + Level 1.0 Armour
 + Level 1.7 Stealth
 + Level 1.7 Unarmed Combat
 + Level 1.0 Evocations


You couldn't memorise any spells.
You didn't know any spells.
Your spell library was empty.

Dungeon Overview and Level Annotations

Branches:
Dungeon (1/15)

Altars:


Message History

Ran out of altars for temple! x3
Welcome, CaptainMV the Demonspawn Wanderer.
The heart of this dungeon contains the breathtaking artefact, the Orb of Zot.
Press ? for a list of commands and other information.
Found a staircase leading out of the dungeon.
You begin with the following items: a +2 quarterstaff, a scroll of teleportation, a piece from Xom's chessboard (15/15), a potion of curing, a +0 robe.
You are not religious.
You open the door. You open the door. As you open the door, it creaks loudly!
You hear a shout!
Found a leather armour.
There is an open door here.
Found a scroll labelled ZEEZOEPL MIEFA.
You see here a +0 leather armour.
Found a short sword.
A goblin and a hobgoblin come into view.
The goblin shouts!
The hobgoblin shouts!
The hobgoblin moves out of view.
You see here a scroll labelled ZEEZOEPL MIEFA.
f - a scroll labelled ZEEZOEPL MIEFA You closely miss the goblin.
The goblin barely misses you.
You hit the goblin.
You kill the goblin!
The hobgoblin hits you.
You closely miss the hobgoblin. The hobgoblin hits you.
* * * LOW HITPOINT WARNING * * *
You hit the hobgoblin.
The hobgoblin is severely wounded.
The hobgoblin hits you but does no damage.
You closely miss the hobgoblin.
The hobgoblin is severely wounded.
The hobgoblin hits you.
* * * LOW HITPOINT WARNING * * *
You hit the hobgoblin but do no damage.
The hobgoblin is severely wounded.
The hobgoblin hits you.
* * * LOW HITPOINT WARNING * * *
The hobgoblin hits you.
You die...

#######..# #.#
##≈≈≈≈≈##'# #.#
#........8#####.###
..<.........'.[...#
#........8#####.#.#
##≈≈≈≈≈##'# #.#.#
#######..# #.#.#
.... #.#.####
...... #.@)...#
#..##.......g...#
... #.######.#..#
.. .. .# .#. # .#.)
.. .# .. ##


You could see a hobgoblin.

Vanquished Creatures
  A goblin (D:1)
1 creature vanquished.

Notes
Turn   | Place    | Note
-------+----------+-------------------------------------------
     0 | D:1      | CaptainMV the Demonspawn Wanderer began the quest for the
                  | Orb.
     0 | D:1      | CaptainMV set off with the following items: a +2
                  | quarterstaff, a scroll of teleportation, a piece from Xom's
                  | chessboard (15/15), a potion of curing, a +0 robe.
     0 | D:1      | Reached XP level 1. HP: 13/13 MP: 1/1
    32 | D:1      | Slain by a hobgoblin

Illustrated notes

Levels and vault maps discovered:
D:1:      wander_arrival_chamber, layout_loops_ring, minivault_4,
          minmay_misc_feat_alley, minivault_14, minmay_vboxes

Action                     || total
---------------------------++-------
  Melee: Quarterstaff      ||     6
 Armour: Robe              ||     1
  Dodge: Dodged            ||     1
